 Seeded DCSS version 0.28-a0-794-gafe8c5f9e9 (webtiles) character file.

Game seed: 20211125 (custom seed)

201 a11behringer the Cudgeller (level 5, -4/43 HPs)
             Began as a Palentonga Berserker on Nov 6, 2021.
             Was a Believer of Trog.
             Slain by a gnoll (6 damage)
             ... on level 2 of the Dungeon.
             The game lasted 00:05:58 (2048 turns).

a11behringer the Cudgeller (Palentonga Berserker)   Turns: 2048, Time: 00:05:58

Health: -4/43      AC:  6    Str: 21    XL:     5   Next: 50%
Magic:  14/14      EV:  9    Int:  7    God:    Trog [**....]
Gold:   39         SH:  0    Dex: 10    Spells: 4/4 levels left

rFire   . . .      SeeInvis +   a - +0 mace
rCold   . . .      Faith    .   (no shield)
rNeg    . . .      Spirit   .   m - +0 ring mail
rPois   +          Reflect  .   (no helmet)
rElec   .          Harm     .   k - +0 cloak
rCorr   .          Rampage  .   (no gloves)
Will    .....                   (no barding)
Stlth   ..........              (no amulet)
HPRegen 0.14/turn               e - ring of poison resistance
MPRegen 0.14/turn               f - ring of magical power

@: no status effects
A: large, rugged brown scales 3, see invisible, deformed body, roll 1, armoured
tail
a: Rolling Charge, Renounce Religion, Berserk, Trog's Hand


You were on level 2 of the Dungeon.
You worshipped Trog.
Trog was pleased with you.
You visited 1 branch of the dungeon, and saw 2 of its levels.

You collected 39 gold pieces.

Inventory:

Hand Weapons
 a - a +0 mace (weapon)
Missiles
 c - 25 sling bullets
 j - 6 boomerangs
Armour
 b - a +0 animal skin
 k - a +0 cloak (worn)
 m - a +0 ring mail (worn)
Jewellery
 e - a ring of poison resistance (left hand)
 f - a ring of magical power (right hand)
 n - an amulet of reflection
Scrolls
 g - a scroll of amnesia {unknown}
 i - a scroll of teleportation {unknown}
 l - a scroll of torment {unknown}
Potions
 d - 2 potions of flight {unknown}
 h - 2 potions of attraction {unknown}


   Skills:
 + Level 3.6 Fighting
 * Level 5.4 Maces & Flails
 + Level 1.7 Armour
 + Level 2.2 Dodging


You had 4 spell levels left.
You didn't know any spells.
Your spell library was empty.

Dungeon Overview and Level Annotations

Branches:
Dungeon (2/15)

Altars:


Innate Abilities, Weirdness & Mutations

You are completely covered in rugged brown scales. (AC +3, +7% HP)
You have supernaturally acute eyesight. (SInv)
Armour fits poorly on your strangely shaped body.
You can roll at nearby foes to attack.
You have a long armoured tail.


Message History

You open the door.
A gnoll comes into view.
It is wielding a +0 whip of electrocution.
The gnoll shouts!
You hear a shout!
A gnoll comes into view. It is wielding a +0 spear.
There is an open door here.
The gnoll shouts!
You open the door.
Found a runed brass amulet.
There is an open door here.
You see here an amulet of reflection.
n - an amulet of reflection You start putting on your amulet.
You continue putting on your amulet of reflection. x2
The gnoll hits you but does no damage.
Keep equipping yourself? [Y]es or [N]o only, please.
Keep equipping yourself?
You stop putting on your amulet.
You closely miss the gnoll.
You tail-slap the gnoll, but do no damage.
The gnoll hits you with a +0 whip of electrocution.
You hit the gnoll.
The gnoll is moderately wounded.
The gnoll hits you but does no damage.
The gnoll hits you with a +0 whip of electrocution!
You hit the gnoll.
Your tail-slap misses the gnoll.
The gnoll is heavily wounded.
The gnoll barely misses you.
The gnoll hits you with a +0 whip of electrocution.
The gnoll hits you from afar with a +0 spear.
You hit the gnoll.
The gnoll is almost dead.
The gnoll hits you with a +0 whip of electrocution.
You are electrocuted!
* * * LOW HITPOINT WARNING * * *
The gnoll hits you but does no damage.
You hit the gnoll but do no damage.
Your tail-slap misses the gnoll.
The gnoll is almost dead.
The gnoll hits you with a +0 whip of electrocution.
You die...

# #.#########.# #
#...........#
#<..#######.# ##### ###.#
#.# #...# #.# #.#
#.#.############ ### ###
#.#.............
##.#.####.####.####
...#.#..'.'..#.#@.+ +
...#.#..#.#..#.#g.#.#
#.##.##+#.##'#.##g#.##+#.
#.##................g..g.
#.##.##'#.##'#.##'#.##+#.
..##.#..#.#..#.#..#.#
...# #⌠.#.#..'.'†.# #
.### ####.####)#### .#
...............


You could see 2 gnolls.

Vanquished Creatures
  A howler monkey (D:2)
  Crazy Yiuf (D:2)
  Natasha (twice) (D:2)
  4 adders (D:2)
  3 dart slugs (D:1)
  4 ball pythons (D:1)
  4 bats
  5 endoplasms (D:1)
  A giant cockroach (D:1)
  A hobgoblin (D:1)
  4 jackals (D:1)
  3 kobolds
  3 quokkas
  3 frilled lizards
  4 goblins
  2 rats (D:1)
45 creatures vanquished.

Notes
Turn   | Place    | Note
-------+----------+-------------------------------------------
     0 | D:1      | a11behringer the Palentonga Berserker began the quest for
                  | the Orb.
     0 | D:1      | Reached XP level 1. HP: 19/19 MP: 1/1
    76 | D:1      | Reached XP level 2. HP: 11/25 MP: 2/2
   813 | D:1      | Reached XP level 3. HP: 20/31 MP: 3/3
  1124 | D:1      | Reached ** piety under Trog
  1263 | D:2      | Found a faded altar of an unknown god.
  1292 | D:2      | Reached skill level 4 in Maces & Flails
  1463 | D:2      | Found a runed translucent door.
  1464 | D:2      | Noticed Crazy Yiuf
  1473 | D:2      | Killed Crazy Yiuf
  1474 | D:2      | Reached XP level 4. HP: 37/37 MP: 4/4
  1578 | D:2      | Noticed Natasha
  1593 | D:2      | Reached skill level 5 in Maces & Flails
  1596 | D:2      | Killed Natasha
  1597 | D:2      | Reached XP level 5. HP: 17/43 MP: 5/5
  1629 | D:2      | Noticed Natasha
  1962 | D:2      | Killed Natasha
  2047 | D:2      | HP: 2/43 [gnoll (15)]
  2048 | D:2      | Slain by a gnoll

Illustrated notes

Levels and vault maps discovered:
D:1:      doesnt_arrival_eight_statues, layout_basic
D:2:      minmay_door_path, layout_loops_ring,
          hellmonk_ecumenical_altar_pennies_from_heaven,
          uniq_crazy_yiuf_cottage, uniq_natasha

Skill      XL: |  1  2  3  4 |
---------------+-------------+-----
Maces & Flails | 4 5 |  5.4
Dodging        | 2 |  2.2
Fighting       | |  3.6
Armour         | |  1.7

Action                   |  1- 3 |  4- 6 || total
-------------------------+-------+-------++-------
Melee: Mace              |    93 |    41 ||   134
       Tailslap          |     7 |     8 ||    15
Invok: Berserk           |     2 |     1 ||     3
       Trog's Hand       |     1 |     1 ||     2
 Stab: Sleeping          |     1 |       ||     1
Armor: Animal skin       |    32 |     7 ||    39
       Ring mail         |       |    12 ||    12
Dodge: Dodged            |    62 |    15 ||    77

Table legend: (Time is in decaauts)
 A = Elapsed time spent in this place.
 B = Non-inter-level travel time spent in this place.
 C = Inter-level travel time spent in this place.
 D = Time resting spent in this place.
 E = Time spent auto-exploring this place.
 F = Levels seen in this place.
 G = Mean time per level.
                   A        B        C        D        E       F      G
               +--------+--------+--------+--------+--------+-----+--------+
         Total |   2106 |   1876 |    230 |      0 |   1526 |   2 | 1053.0 |
       Dungeon |   2106 |   1876 |    230 |      0 |   1526 |   2 | 1053.0 |
               +--------+--------+--------+--------+--------+-----+--------+

Top non-repeatable levels by time:
     D:1: 1287 daAuts
     D:2: 819 daAuts
